 Dungeon Crawl Stone Soup version 0.27-a0-869-g165b36e3f0 (webtiles) character file.

Game seed: 6947875453168626055

90 polve the Ruffian (level 4, -1/38 HPs)
             Began as a Draconian Transmuter on Apr 2, 2021.
             Slain by Crazy Yiuf
             ... wielding a +2 quarterstaff of chaos
              (5 damage)
             ... while petrified by Crazy Yiuf
             ... on level 2 of the Dungeon.
             The game lasted 00:01:10 (1952 turns).

polve the Ruffian (Draconian Transmuter)            Turns: 1952, Time: 00:01:11

Health: -1/38      AC:  5    Str: 12    XL:     4   Next: 32%
Magic:  2/7        EV:  2    Int: 15    God:
Gold:   90         SH:  0    Dex: 11    Spells: 6/7 levels left

rFire    . . .     SeeInvis .     - Unarmed
rCold    . . .     Faith    .   (no shield)
rNeg     + + +     Spirit   .   (armour unavailable)
rPois    ∞         Reflect  .   (helmet currently unavailable)
rElec    .         Harm     .   (no cloak)
rCorr    .         Rampage  .   (no gloves)
Will     .....                  (boots currently unavailable)
Stlth    +.........             (no amulet)
HPRegen  0.12/turn              (no ring)
MPRegen  0.10/turn              (no ring)

@: appendages (expiring), petrified
A: horns 2, talons 2, AC +5, unfitting armour, cold-blooded
a: End Transformation


You were on level 2 of the Dungeon.
You had temporarily grown beastly horns and talons.
You visited 1 branch of the dungeon, and saw 2 of its levels.

You collected 90 gold pieces.

Inventory:

Scrolls
 a - 5 scrolls of identify {unknown}
 b - a scroll of magic mapping {unknown}
 e - a scroll of immolation {unknown}
 g - a scroll of silence {unknown}
Potions
 c - 2 potions of curing {unknown}
 d - a potion of lignification {unknown}
 f - 2 potions of heal wounds {unknown}


   Skills:
 + Level 3.3 Fighting
 - Level 1.7 Dodging
 + Level 4.2 Unarmed Combat
 - Level 2.0 Spellcasting
 - Level 2.0 Transmutations


You had 6 spell levels left.
You knew the following spells:

 Your Spells              Type           Power      Damage    Failure   Level
a - Beastly Appendage     Tmut           14%        N/A       10%         1

Your spell library contained the following spells:

 Spells                   Type           Power      Damage    Failure   Level
 Wereblood                Tmut           7%         N/A       14%         2
 Spider Form              Tmut/Pois      2%         N/A       41%         3
 Ice Form                 Ice/Tmut       4%         N/A       82%         4
 Hydra Form               Tmut           3%         N/A       95%         5


Dungeon Overview and Level Annotations

Branches:
Dungeon (2/15)

Altars:

Shops:
D:2 (

Annotations:
D:2 Crazy Yiuf


Innate Abilities, Weirdness & Mutations

You have temporarily grown beastly horns and talons.
You are immune to poison.
Your plain brown scales are hard. (AC +5)
You cannot fit into any form of body armour.
You are cold-blooded and may be slowed by cold attacks.


Message History

No reachable target in view!
You see here a +0 mace.
Found two maces.
You see here a +0 mace.
You grow a pair of large bovine horns.
Your feet morph into talons.
Crazy Yiuf grits, "Proton sing-song head!"
As you open the door, it creaks loudly!
You hit Crazy Yiuf. Your kick misses Crazy Yiuf.
Crazy Yiuf is lightly wounded.
Crazy Yiuf barely misses you.
You punch Crazy Yiuf! You claw Crazy Yiuf.
Your tail-slap misses Crazy Yiuf.
Crazy Yiuf is severely wounded.
Crazy Yiuf hits you with a +2 quarterstaff of chaos.
You are slowing down.
You hit Crazy Yiuf. You tail-slap Crazy Yiuf.
Crazy Yiuf is severely wounded.
Your transformation is almost over.
Crazy Yiuf hits you with a +2 quarterstaff of chaos!
Crazy Yiuf freezes you.
Crazy Yiuf hits you with a +2 quarterstaff of chaos.
Crazy Yiuf freezes you.
Your limbs are stiffening.
You completely miss Crazy Yiuf.
Crazy Yiuf is severely wounded.
Crazy Yiuf hits you with a +2 quarterstaff of chaos!
Crazy Yiuf burns you.
You have turned to stone.
Crazy Yiuf hits you with a +2 quarterstaff of chaos!
* * * LOW HITPOINT WARNING * * *
Crazy Yiuf burns you.
* * * LOW HITPOINT WARNING * * *
Crazy Yiuf barely misses you.
Crazy Yiuf hits you with a +2 quarterstaff of chaos.
* * * LOW HITPOINT WARNING * * *
You feel your power leaking away. Crazy Yiuf barely misses you.
Crazy Yiuf laughs, "Goldfish!
Whippet spinner snockshim."
Crazy Yiuf hits you with a +2 quarterstaff of chaos!
* * * LOW HITPOINT WARNING * * *
You feel your power leaking away.
Crazy Yiuf hits you with a +2 quarterstaff of chaos!
You die...

........###.##
........###.##
......####...#
........######
...###### ...#
##♣♣♣♣♣ ####
###..)♣.♣♣♣ ###
##......♣))♣#).)#
#......♣♣♣♣@g.).#
#..#..♣♣ ♣♣#.))#
#.###♣♣ ### ##.##
#...# #.### # #####
#.# # .#.#... ##.##
#. ###.#....
####...####.##......


You could see Crazy Yiuf.

Vanquished Creatures
  Terence (D:2)
  Natasha (D:2)
  4 ball pythons
  6 bats
  3 endoplasms (D:1)
  A giant cockroach (D:2)
  6 goblins
  5 hobgoblins
  2 jackals (D:1)
  A kobold (D:2)
  A quokka (D:1)
  2 frilled lizards
  3 rats (D:1)
36 creatures vanquished.

Vanquished Creatures (others)
  4 plants
4 creatures vanquished.

Grand Total: 40 creatures vanquished

Notes
Turn   | Place    | Note
-------+----------+-------------------------------------------
     0 | D:1      | polve the Draconian Transmuter began the quest for the Orb.
     0 | D:1      | Reached XP level 1. HP: 16/16 MP: 3/3
   381 | D:1      | Found a faded altar of an unknown god.
   398 | D:1      | Reached XP level 2. HP: 24/24 MP: 5/5
  1020 | D:1      | Reached XP level 3. HP: 27/30 MP: 4/6
  1355 | D:2      | Noticed Terence
  1364 | D:2      | Killed Terence
  1561 | D:2      | Reached skill level 4 in Unarmed Combat
  1639 | D:2      | Found Ynlesool's Antique Weapon Emporium.
  1746 | D:2      | Noticed Natasha
  1756 | D:2      | Killed Natasha
  1757 | D:2      | Reached XP level 4. HP: 29/38 MP: 5/7
  1936 | D:2      | Found a runed translucent door.
  1937 | D:2      | Noticed Crazy Yiuf
  1952 | D:2      | Slain by Crazy Yiuf

Illustrated notes

Levels and vault maps discovered:
D:1:      dpeg_arrival_simpleton_c, layout_basic, basic_ecumenical_altar,
          serial_bayou_pond_c
D:2:      layout_loops_ring, serial_shops, nicolae_shop_overgrown_old_shop,
          uniq_terence, uniq_natasha, uniq_crazy_yiuf_cottage

Skill      XL: |  1  2  3 |
---------------+----------+-----
Fighting       | 2 3 |  3.3
Unarmed Combat | 4 |  4.2
Dodging        | |  1.7
Spellcasting   | |  2.0
Transmutations | |  2.0

Action                   |  1- 3 |  4- 6 || total
-------------------------+-------+-------++-------
Melee: Unarmed           |    91 |    13 ||   104
       Headbutt          |     8 |       ||     8
       Kick              |    11 |     1 ||    12
       Tailslap          |     4 |     2 ||     6
       Punch             |     1 |       ||     1
 Cast: Beastly Appendage |    27 |     3 ||    30
Armor: Skin              |    24 |       ||    24
Dodge: Dodged            |    71 |    12 ||    83

Table legend: (Time is in decaauts)
 A = Elapsed time spent in this place.
 B = Non-inter-level travel time spent in this place.
 C = Inter-level travel time spent in this place.
 D = Time resting spent in this place.
 E = Time spent auto-exploring this place.
 F = Levels seen in this place.
 G = Mean time per level.
                   A        B        C        D        E       F      G
               +--------+--------+--------+--------+--------+-----+--------+
         Total |   1951 |   1913 |     38 |      0 |   1651 |   2 |  975.5 |
       Dungeon |   1951 |   1913 |     38 |      0 |   1651 |   2 |  975.5 |
               +--------+--------+--------+--------+--------+-----+--------+

Top non-repeatable levels by time:
     D:1: 1348 daAuts
     D:2: 603 daAuts
